 Dungeon Crawl Stone Soup version 0.28-a0-872-g80cf8599ee (webtiles) character file.

Game seed: 1058827197332203247

508 Klosterheim the Chiller (level 7, 0/67 HPs)
             Began as an Ogre Ice Elementalist on Nov 20, 2021.
             Was an Initiate of Sif Muna.
             Slain by an adder skeleton (3 damage)
             ... on level 4 of the Dungeon.
             The game lasted 00:19:16 (4725 turns).

Klosterheim the Chiller (Ogre Ice Elementalist)     Turns: 4725, Time: 00:19:17

Health: 0/67       AC: 11    Str: 13    XL:     7   Next: 18%
Magic:  19/22      EV: 10    Int: 24    God:    Sif Muna [......]
Gold:   746        SH:  0    Dex:  9    Spells: 6/14 levels left

rFire   . . .      SeeInvis .   f - +2 dagger (venom)
rCold   . . .      Faith    .   (no shield)
rNeg    . . .      Spirit   .   a - +0 robe
rPois   .          Reflect  .   (helmet restricted)
rElec   .          Harm     .   b - +0 cloak
rCorr   .          Rampage  .   (gloves unavailable)
Will    .....                   (boots unavailable)
Stlth   ++........              (no amulet)
HPRegen 0.21/turn               c - +6 ring of intelligence
MPRegen 0.18/turn               i - ring of magical power

@: ice-armoured, on berserk cooldown, slowed, very slow
A: large, unfitting armour, tough skin 1, no potion heal 1, MP-powered wands
a: Renounce Religion


You were on level 4 of the Dungeon.
You worshipped Sif Muna.
Sif Muna was noncommittal.
You visited 2 branches of the dungeon, and saw 7 of its levels.

You collected 746 gold pieces.

Inventory:

Hand Weapons
 f - a +2 dagger of venom (weapon)
Armour
 a - a +0 robe (worn)
 b - a +0 cloak (worn)
Jewellery
 c - a +6 ring of intelligence (left hand)
 i - a ring of magical power (right hand)


   Skills:
 - Level 3.0 Fighting
 - Level 2.0 Dodging
 - Level 2.0 Stealth
 - Level 4.0 Spellcasting
 - Level 3.0 Conjurations
 + Level 5.6 Ice Magic


You had 6 spell levels left.
You knew the following spells:

 Your Spells              Type           Power      Damage    Failure   Level
a - Freeze                Ice            100%       1d11      1%          1
b - Ozocubu's Armour      Ice            31%        N/A       3%          3
c - Hailstorm             Conj/Ice       25%        3d7       17%         4

Your spell library contained the following spells:

 Spells                   Type           Power      Damage    Failure   Level
 Frozen Ramparts          Ice            62%        1d8       3%          3
 Dazzling Flash           Conj/Hex       24%        N/A       16%         3
 Teleport Other           Tloc           4%         N/A       28%         3
 Metabolic Englaciation   Hex/Ice        9%         N/A       65%         5
 Animate Armour           Summ/Erth      8%         N/A       67%         4
 Blade Hands              Tmut           2%         N/A       95%         5
 Iron Shot                Conj/Erth      6%         9d2       100%        6


Dungeon Overview and Level Annotations

Branches:
Dungeon (6/15)             Temple (1/1) D:4

Altars:
Cheibriados
Fedhas
Gozag
Kikubaaqudgha
Makhleb
Qazlal
Ru
Sif Muna
Wu Jian
Xom
Zin
The Shining One

Annotations:
D:5 Edmund


Innate Abilities, Weirdness & Mutations

You are too large for most types of armour.
You have tough skin. (AC +1)
Potions are less effective at restoring your health.
You expend magic power (3 MP) to strengthen your wands.


Message History

The hound skeleton bites you.
* * * LOW HITPOINT WARNING * * *
You closely miss the hound skeleton.
The hound skeleton is severely damaged.
The adder skeleton bites you.
* * * LOW HITPOINT WARNING * * *
The hound skeleton bites you but does no damage.
The adder skeleton bites you but does no damage.
The hound skeleton bites you.
* * * LOW HITPOINT WARNING * * *
You bump into the crystal wall.
You feel less confused.
The hound skeleton bites you but does no damage.
The adder skeleton closely misses you. The hound skeleton bites you.
* * * LOW HITPOINT WARNING * * *
The adder skeleton bites you but does no damage.
Unknown command.
Casting: Freeze (safe; 1% risk of failure)
Confirm with . or Enter, or press ? or * to list all spells.
Okay, then.
Casting: Freeze (safe; 1% risk of failure)
Confirm with . or Enter, or press ? or * to list all spells.
A film of ice covers your body! The hound skeleton bites you.
* * * LOW HITPOINT WARNING * * *
The adder skeleton closely misses you. The hound skeleton barely misses you.
Unknown command.
You hit the hound skeleton but do no damage.
The hound skeleton is severely damaged.
The adder skeleton misses you. The hound skeleton closely misses you.
The adder skeleton bites you but does no damage.
The hound skeleton bites you but does no damage.
Unknown command.
You hit the hound skeleton.
The hound skeleton is severely damaged.
The hound skeleton closely misses you. The adder skeleton barely misses you.
The hound skeleton bites you but does no damage.
You hit the hound skeleton.
The hound skeleton is almost destroyed.
The adder skeleton bites you.
You die...

.... .... #..##
.#.. ... .... ...
..... ###+###.#
..... #.....#†#
...♣.♣
#.....#.#####..(.⌠.
#....@#.##.(...(♣.♣
+..>ZZ)............
#.....#.##.##...♣.♣
#.....#.##.# ....⌠.
#.....#..#.##...♣.♣
#######............
#.....##.#.#.#
#..#..##.#.#.#..#
.#..#..#....#.#...


You could see an adder skeleton and a hound skeleton.

Vanquished Creatures
  Sigmund (D:4)
  An ice beast (D:5)
  A scorpion (D:2)
  A water moccasin skeleton (D:5)
  An iguana (D:3)
  A howler monkey zombie (D:5)
  5 adders
  A white imp (D:5)
  2 worms (D:2)
  An orc (D:4)
  6 endoplasms
  2 giant cockroaches
  3 hobgoblins
  8 jackals
  4 kobolds (D:1)
  5 quokkas
  6 ball pythons
  7 bats
  2 frilled lizards
  2 goblins
  A rat (D:1)
61 creatures vanquished.

Notes
Turn   | Place    | Note
-------+----------+-------------------------------------------
     0 | D:1      | Klosterheim the Ogre Ice Elementalist began the quest for
                  | the Orb.
     0 | D:1      | Reached XP level 1. HP: 16/16 MP: 3/3
   330 | D:1      | Reached XP level 2. HP: 24/24 MP: 2/5
  1967 | D:2      | Reached XP level 3. HP: 29/31 MP: 2/7
  2237 | D:2      | Reached skill level 4 in Ice Magic
  2455 | D:2      | Got the Catalogue of Spatial Beguiling
  2464 | D:2      | Learned a level 3 spell: Ozocubu's Armour
  2555 | D:2      | Reached skill level 1 in Fighting
  2555 | D:2      | Reached XP level 4. HP: 41/41 MP: 3/8
  2705 | D:2      | Noticed a scorpion
  2708 | D:2      | Killed a scorpion
  2709 | D:2      | Reached XP level 5. HP: 49/49 MP: 5/10
  2753 | D:2      | Learned a level 4 spell: Hailstorm
  3241 | D:3      | Found a faded altar of an unknown god.
  3262 | D:3      | Found a stormy altar of Qazlal.
  3281 | D:3      | You fall into a shaft and drop 2 floors!
  3281 | D:5      | Entered Level 5 of the Dungeon
  3474 | D:5      | Identified a scroll of acquirement
  3474 | D:5      | Acquired 625 gold pieces
  3521 | D:5      | Reached skill level 1 in Conjurations
  3699 | D:5      | Noticed a centaur
  3757 | D:5      | Reached XP level 6. HP: 42/57 MP: 8/12
  3909 | D:5      | Noticed an ice beast
  3917 | D:5      | Killed an ice beast
  3918 | D:5      | Reached skill level 5 in Ice Magic
  4199 | D:5      | Found an opulent altar of Gozag.
  4199 | D:5      | Noticed Edmund
  4251 | D:5      | Noticed an ice beast
  4371 | D:4      | Found a staircase to the Ecumenical Temple.
  4386 | Temple   | Entered the Ecumenical Temple
  4442 | Temple   | Became a worshipper of Sif Muna the Loreminder
  4464 | D:4      | Noticed Sigmund
  4713 | D:4      | Gained mutation: Potions are less effective at restoring
                  | your health. [potion of mutation]
  4713 | D:4      | Gained mutation: You expend magic power (3 MP) to
                  | strengthen your wands. [potion of mutation]
  4718 | D:4      | Killed Sigmund
  4719 | D:4      | Reached XP level 7. HP: 8/67 MP: 13/13
  4721 | D:4      | HP: 3/67 [hound skeleton (2)]
  4725 | D:4      | Slain by an adder skeleton

Illustrated notes

Levels and vault maps discovered:
D:1:      dpeg_arrival_stonehenge_8_columns, layout_loops_ring,
          serial_park_tiny_pond
D:2:      layout_basic
D:3:      layout_basic, mainiacjoe_overflow_cross_hatched,
          nicolae_hepliaklqana_monster_ancestors, serial_shops,
          nicolae_shop_trees, gup_sewer_entry_bowl,
          chequers_ecumenical_altar_twisty, minmay_gold_behind_fungi,
          kennysheep_generic_room_12
D:4:      layout_basic, temple_green, gammafunk_ghost_abyssal_escape,
          serial_shops, shop_scrolls, minmay_shop_grid_forest, uniq_sigmund,
          uniq_eustachio, uniq_ijyb
D:5:      layout_loops_cross, mainiacjoe_overflow_concentric_impassable,
          uniq_edmund, uniq_duvessa
D:6:      layout_loops_ring, nicolae_overflow_crystal_walls,
          nicolae_elyvilon_temple_path, amcnicky_altar_gilded,
          grunt_decor_one_mirror
Temple:   zaba_magenta_temple

Skill      XL: |  1  2  3  4  5  6 |
---------------+-------------------+-----
Dodging        | 2 |  2.0
Spellcasting   | 3 4 |  4.0
Stealth        | 2 |  2.0
Ice Magic      | 4 5 |  5.6
Fighting       | 1 2 3 |  3.0
Conjurations   | 1 3 |  3.0

Action                   |  1- 3 |  4- 6 |  7- 9 || total
-------------------------+-------+-------+-------++-------
Melee: Unarmed           |    22 |     6 |       ||    28
       Dagger            |       |    54 |     4 ||    58
Throw: Large rock        |       |     6 |       ||     6
 Cast: Freeze            |    54 |    41 |       ||    95
       Ozocubu's Armour  |     1 |     2 |     1 ||     4
  Use: Scroll            |       |     7 |       ||     7
       Potion            |       |     4 |       ||     4
 Stab: Sleeping          |     1 |       |       ||     1
Armor: Robe              |    25 |    42 |     7 ||    74
Dodge: Dodged            |    44 |    84 |     9 ||   137

Table legend: (Time is in decaauts)
 A = Elapsed time spent in this place.
 B = Non-inter-level travel time spent in this place.
 C = Inter-level travel time spent in this place.
 D = Time resting spent in this place.
 E = Time spent auto-exploring this place.
 F = Levels seen in this place.
 G = Mean time per level.
                   A        B        C        D        E       F      G
               +--------+--------+--------+--------+--------+-----+--------+
         Total |   4739 |   4216 |    523 |   2503 |   1132 |   7 |  677.0 |
       Dungeon |   4451 |   4037 |    414 |   2330 |   1132 |   6 |  741.8 |
        Temple |    288 |    179 |    109 |    173 |      0 |   1 |  288.0 |
               +--------+--------+--------+--------+--------+-----+--------+

Top non-repeatable levels by time:
     D:1: 1928 daAuts
     D:2: 1134 daAuts
     D:5: 1053 daAuts
  Temple: 288 daAuts
     D:3: 216 daAuts
     D:4: 117 daAuts
     D:6: 1 daAuts
